 Dungeon Crawl Stone Soup version 0.24-a0-584-g9d6b971ae4 (webtiles) character file.

Game seed: 17912040311372387229, levelgen mode: deterministic

485 EnegeticOcto the Insei (level 6, -3/49 HPs)
             Began as a Demonspawn Transmuter on Sept 2, 2019.
             Was an Initiate of Qazlal.
             Slain by an ice beast (13 damage)
             ... on level 5 of the Dungeon.
             The game lasted 00:09:21 (6407 turns).

EnegeticOcto the Insei (Demonspawn Transmuter)      Turns: 6407, Time: 00:09:21

Health: -3/49      AC:  8    Str: 16    XL:     6   Next: 88%
Magic:  9/9        EV:  8    Int: 16    God:    Qazlal [......]
Gold:   189        SH:  0    Dex: 13    Spells: 6/9 levels left

rFire    + . .     SeeInvis .     - Unarmed
rCold    . . .     Gourm    .   (no shield)
rNeg     + . .     Faith    .   i - +0 chain mail
rPois    .         Spirit   .   (no helmet)
rElec    .         Reflect  .   (no cloak)
rCorr    .         Harm     .   (no gloves)
MR       .....                  (no boots)
Stlth    ..........             (no amulet)
HPRegen  0.16/turn              m - ring of positive energy
MPRegen  0.11/turn              o - ring of protection from fire

@: mighty
A: nightstalker 1, powered by pain 3
a: Renounce Religion


You were on level 5 of the Dungeon.
You worshipped Qazlal.
Qazlal was noncommittal.
You were not hungry.

You visited 2 branches of the dungeon, and saw 6 of its levels.

You collected 189 gold pieces.

Inventory:

Missiles
 a - 91 arrows
 c - 157 stones (quivered)
Armour
 i - a +0 chain mail (worn)
Magical Staves
 r - an uncursed staff of earth
Jewellery
 m - a ring of positive energy (left hand)
 o - a ring of protection from fire (right hand)
Scrolls
 b - a scroll of fog {!r}
 d - a scroll of blinking {@r4}
 f - a scroll of immolation {unknown}
 p - a scroll of magic mapping {@r5 !r}
 q - a scroll of teleportation {unknown}
 u - a scroll of remove curse {@r2}
 w - a scroll of amnesia
Potions
 g - 2 potions of haste {@q4 !q}
 h - a potion of agility {@q5 !q}
 j - 2 potions of brilliance
 l - a potion of lignification {@q6}
 n - 3 potions of curing {@q1 !q}
 s - a potion of mutation
 t - a potion of heal wounds {@q2 !q}
Comestibles
 e - 12 rations
 k - 2 chunks of flesh


   Skills:
 + Level 4.3 Fighting
 + Level 3.7 Dodging
 + Level 4.8 Unarmed Combat
 - Level 2.0 Spellcasting
 - Level 1.7 Transmutations


You had 6 spell levels left.
You knew the following spells:

 Your Spells              Type           Power        Failure   Level  Hunger
a - Beastly Appendage     Tmut           #.....       91%         1    #......
j - Sticks to Snakes      Tmut           #.......     97%         2    ###....

Your spell library contained the following spells:

 Spells                   Type           Power        Failure   Level  Hunger
 Spider Form              Tmut/Pois      #.........   100%        3    ###....
 Ice Form                 Ice/Tmut       #.......     100%        4    #####..
 Blade Hands              Tmut           #.........   100%        5    ######.


Dungeon Overview and Level Annotations

Branches:
Dungeon (5/15)             Temple (1/1) D:4

Altars:
Ashenzari
Dithmenos
Elyvilon
Fedhas
Gozag
Kikubaaqudgha
Nemelex Xobeh
Okawaru
Qazlal
Ru
Sif Muna
Uskayaw
Vehumet
Yredelemnul
Zin
The Shining One


Innate Abilities, Weirdness & Mutations

You are slightly more attuned to the shadows.
You are powered by pain.


Message History

(D) Dungeon (T) Temple
Where to? (Enter - D:5, ? - help)
There is a stone staircase leading down here.
You climb downwards.
A giant cockroach comes into view.
Found a ration.
There is a stone staircase leading up here.
The giant cockroach bites you but does no damage.
Found a scroll of remove curse.
You hit the giant cockroach.
The giant cockroach is almost dead.
The giant cockroach bites you but does no damage.
You hit the giant cockroach.
You kill the giant cockroach!
Qazlal accepts your kill.
No target in view!
No target in view!
No target in view!
No target in view!
Found a leather armour.
You see here a giant cockroach corpse.
You butcher the giant cockroach corpse.
k - a chunk of flesh
e - 11 rations (gained 1)
Found an escape hatch in the floor.
u - a scroll of remove curse {@r2} You now have 189 gold pieces (gained 9).
Found a robe.
Found two altars.
Found a white marble altar of Elyvilon.
A giant cockroach comes into view.
A giant cockroach is nearby!
The giant cockroach bites you but does no damage.
You barely miss the giant cockroach.
The giant cockroach bites you but does no damage.
You closely miss the giant cockroach. The giant cockroach barely misses you.
You closely miss the giant cockroach.
The giant cockroach bites you but does no damage.
You hit the giant cockroach.
The giant cockroach is heavily wounded.
The giant cockroach barely misses you.
You barely miss the giant cockroach.
The giant cockroach is heavily wounded.
The giant cockroach barely misses you.
You hit the giant cockroach but do no damage.
The giant cockroach is heavily wounded.
The giant cockroach bites you but does no damage.
Your chain mail prevents you from hitting the giant cockroach.
The giant cockroach is heavily wounded.
The giant cockroach bites you but does no damage. x2
Your chain mail prevents you from hitting the giant cockroach.
The giant cockroach is heavily wounded.
The giant cockroach bites you.
You hit the giant cockroach.
You kill the giant cockroach!
Qazlal accepts your kill.
No target in view!
No target in view!
No target in view!
HP restored.
You butcher the giant cockroach corpse.
k - 2 chunks of flesh (gained 1)
e - 12 rations (gained 1)
An ice beast comes into view.
An ice beast is nearby!
An ice beast is nearby!
You hit the ice beast.
The ice beast is lightly wounded.
The ice beast hits you but does no damage.
Your chain mail prevents you from hitting the ice beast.
The ice beast is lightly wounded.
The ice beast barely misses you.
You barely miss the ice beast.
The ice beast is lightly wounded.
The ice beast hits you. The ice beast freezes you!
You closely miss the ice beast.
The ice beast is lightly wounded.
Your chain mail prevents you from hitting the ice beast.
The ice beast is lightly wounded.
The ice beast hits you. The ice beast freezes you!
You are too injured to fight recklessly!
You are too injured to fight recklessly!
You are too injured to fight recklessly!
You are too injured to fight recklessly!
You are too injured to fight recklessly!
You are too injured to fight recklessly!
You are too injured to fight recklessly!
The ice beast hits you. The ice beast freezes you!
* * * LOW HITPOINT WARNING * * *
You focus on the pain.
You feel very mighty all of a sudden.
You punch the ice beast!
The ice beast is heavily wounded.
The ice beast completely misses you.
You hit the ice beast.
The ice beast is severely wounded.
The ice beast hits you.
* * * LOW HITPOINT WARNING * * *
The ice beast freezes you!
You die...

o[<..............#####.#
###############..# #..#
#..# #..# #..####
##.....# ##..8Y8.#
######.♣♣@..♣♣
#.....♣♣.....♣♣
#.###♣♣..[⌠...♣ #.#
♣._..._.♣ #.# ♣..._...♣
#.# ♣♣.....♣♣ #.#
♣♣♣♣♣♣♣ #.# #.#
#.############ #.#


You could see an ice beast.

Vanquished Creatures
  An ice beast (D:4)
  An ogre (D:4)
  A howler monkey (D:4)
  A hound (D:4)
  A quasit (D:3)
  An orc priest (D:3)
  Terence (D:3)
  A worker ant (D:4)
  2 adders (D:3)
  3 oozes
  2 worms
  A dart slug (D:3)
  2 leopard geckos (D:2)
  7 orcs
  3 ball pythons
  6 bats
  2 giant cockroaches (D:5)
  14 goblins
  3 hobgoblins
  9 jackals
  2 quokkas
  A frilled lizard (D:3)
  5 kobolds
  14 rats
84 creatures vanquished.

Notes
Turn   | Place    | Note
-------+----------+-------------------------------------------
     0 | D:1      | EnegeticOcto the Demonspawn Transmuter began the quest for
                  | the Orb.
     0 | D:1      | Reached XP level 1. HP: 15/15 MP: 3/3
   281 | D:1      | Gained mutation: You are slightly more attuned to the
                  | shadows. [demonic ancestry]
   281 | D:1      | Reached XP level 2. HP: 11/21 MP: 5/5
  1062 | D:1      | Learned a level 2 spell: Sticks to Snakes
  1354 | D:2      | Gained mutation: You sometimes gain a little power by
                  | taking damage. [demonic ancestry]
  1354 | D:2      | Reached XP level 3. HP: 16/27 MP: 6/6
  2110 | D:3      | Reached XP level 4. HP: 30/34 MP: 7/7
  2316 | D:3      | Found an ancient bone altar of Kikubaaqudgha.
  2615 | D:3      | Found a sacrificial altar of Ru.
  2618 | D:3      | Noticed Terence
  3513 | D:3      | Killed Terence
  3513 | D:3      | Gained mutation: You sometimes gain power by taking damage.
                  | [demonic ancestry]
  3513 | D:3      | Reached XP level 5. HP: 32/41 MP: 8/8
  3923 | D:3      | Found a radiant altar of Vehumet.
  4374 | D:4      | Noticed an ogre
  4658 | D:4      | Killed an ogre
  4658 | D:4      | Gained mutation: You are powered by pain. [demonic
                  | ancestry]
  4658 | D:4      | Reached XP level 6. HP: 11/48 MP: 9/9
  5466 | D:4      | Found a staircase to the Ecumenical Temple.
  5483 | Temple   | Entered the Ecumenical Temple
  5592 | Temple   | Became a worshipper of Qazlal Stormbringer
  5697 | D:4      | Found a shadowy altar of Dithmenos.
  5821 | D:5      | Entered Level 5 of the Dungeon
  5825 | D:5      | Noticed an ice beast
  5828 | D:5      | Noticed a water moccasin
  6219 | D:4      | Killed an ice beast
  6301 | D:5      | Found a glowing golden altar of the Shining One.
  6301 | D:5      | Found a glowing silver altar of Zin.
  6302 | D:5      | Found a white marble altar of Elyvilon.
  6362 | D:5      | Noticed an ice beast
  6407 | D:5      | Slain by an ice beast

Levels and vault maps discovered:
D:1:      ebering_hopf_link, layout_loops_ring, dk_noncrumbling_2
D:2:      layout_rooms, first_ration, chequers_serial_rivers_small_b,
          dk_noncrumbling_3, minmay_rat_gold_closets
D:3:      layout_basic, nicolae_ru_awakened_eye, lemuel_coloured_pillars_altar,
          old_standard_altar, serial_park_tiny_pond, kennysheep_generic_room_12,
          uniq_terence
D:4:      layout_basic, grunt_dithmenos_smoke_and_mirrors,
          minmay_temple_entry_junction_2
D:5:      layout_loops_ring, good_gods_temple_1, trog_eyes_of_draining,
          overflow_temple_1_default, lemuel_doored_altar, basic_altar,
          guppyfry_shop_venom, uniq_duvessa
Temple:   nicolae_temple_figure_zero

Skill      XL: |  1  2  3  4  5  6 |
---------------+-------------------+-----
Unarmed Combat | 3 4 |  4.8
Fighting       | 2 3 4 |  4.3
Dodging        | 2 3 |  3.7
Spellcasting   | |  2.0
Transmutations | |  1.7

Action                   |  1- 3 |  4- 6 || total
-------------------------+-------+-------++-------
Melee: Unarmed           |   186 |   339 ||   525
       Headbutt          |     3 |       ||     3
       Punch             |     1 |     3 ||     4
 Cast: Beastly Appendage |     2 |       ||     2
  Use: Potion            |     1 |     2 ||     3
       Scroll            |     6 |     7 ||    13
 Stab: Sleeping          |     6 |       ||     6
  Eat: Chunk             |     4 |     7 ||    11
       Ration            |       |     2 ||     2
Armor: Ring mail         |    83 |       ||    83
       Chain mail        |    10 |   202 ||   212
       Skin              |       |     4 ||     4
Dodge: Dodged            |   126 |    81 ||   207

Table legend:
 A = Non-vault XP
 B = Vault XP
 C = Vault XP percentage of total XP
 D = Non-vault monster count
 E = Vault monster count
 F = Vault count percentage of total count
                 A         B        C        D         E       F
            +---------+---------+-------+---------+---------+-------
      Total |     649 |      44 |   6.3 |      75 |       9 |  10.7
            +---------+---------+-------+---------+---------+-------
        D:1 |      24 |       0 |   0.0 |      15 |       0 |   0.0
        D:2 |      26 |       8 |  23.5 |      14 |       8 |  36.4
        D:3 |     183 |      36 |  16.4 |      32 |       1 |   3.0
        D:4 |     409 |       0 |   0.0 |      11 |       0 |   0.0
        D:5 |       7 |       0 |   0.0 |       3 |       0 |   0.0
            +---------+---------+-------+---------+---------+-------
